Map: Terrasses de Prion

Players

zidar

  • Race: Zerg Zerg
  • League: Silver
  • Spawn Location: 5:00

Yatsii - Winner!

  • Race: Terran Terran
  • Spawn Location: 11:00

VOD

Have the link to the VOD?

Description

Time

  • Played on: March 3, 2016, 1:29 p.m.
  • Length: 9:12
Show
View Real Time Build Order
Export as new Build Order

zidar Zerg 

Build Orders: Hatch First 

Get SALT Encoding   

  12  0:02  Drone  
  13  0:12  Overlord  
  13  0:17  Drone  
  14  0:30  Drone x2  
  16  0:35  Drone  
  17  0:57  Hatchery, Drone  
  17  1:01  Extractor, Drone  
  17  1:19  Spawning Pool  
  17  1:22  Drone  
  17  1:26  Drone  
  18  1:35  Drone  
  18  1:39  Overlord  
  19  1:51  Drone  
  19  2:09  Zergling x2  
  19  2:11  Zergling x4  
  19  2:15  Queen  
  24  2:21  Queen  
  26  2:25  Drone  
  27  2:30  Drone  
  27  2:36  Drone  
  29  2:53  Drone x4  
  29  2:56  Metabolic Boost  
  33  3:12  Roach Warren  
  32  3:25  Spore Crawler  
  31  3:29  Spore Crawler  
  31  3:32  Overlord  
  30  3:37  Zergling x8  
  30  3:38  Zergling x4  
  36  3:44  Overlord x3  
  36  4:06  Lair, Extractor  
  35  4:20  Overlord  
  35  4:21  Overlord  
  35  4:33  Drone x11  
  46  4:39  Extractor  
  46  4:40  Hatchery  
  46  4:43  Extractor  
  43  4:48  Queen  
  45  5:04  Evolution Chamber  
  45  5:07  Evolution Chamber  
  43  5:22  Roach  
  43  5:23  Roach x4  
  43  5:24  Pneumatized Carapace  
  53  5:39  Drone x5  
  58  5:49  Ravager x2  
  61  5:50  Ravager x2  
  61  5:54  Zerg Melee Weapons Level 1  
  62  6:00  Zerg Ground Armor Level 1  
  61  6:38  Infestation Pit  
  60  6:45  Drone x5  
  60  6:46  Drone x8  
  73  6:50  Overlord x3  
  73  7:09  Hatchery  
  65  7:16  Extractor  
  65  7:18  Extractor  
  56  7:32  Queen  
  56  7:34  Drone x5  
  63  7:38  Roach x2  
  63  7:39  Roach x4  
  69  8:37  Roach  
  69  8:38  Roach x10  
Show
View Real Time Build Order
Export as new Build Order

Yatsii Terran - Winner!

Build Orders:  

Get SALT Encoding   

  12  0:01  SCV  
  13  0:17  SCV, Supply Depot  
  14  0:30  Refinery, SCV  
  15  0:43  Barracks  
  15  0:46  SCV  
  16  0:58  SCV  
  17  1:10  SCV  
  18  1:22  SCV  
  19  1:29  Marine  
  20  1:33  Supply Depot  
  20  1:35  Orbital Command  
  20  1:47  Factory  
  20  1:49  Marine  
  21  2:16  Command Center  
  21  2:22  SCV  
  22  2:24  Marine  
  23  2:42  Marine  
  23  2:46  SCV  
  23  2:48  Factory Tech Lab  
  23  2:49  Bunker  
  24  2:52  Starport  
  24  2:53  Refinery  
  24  2:58  SCV  
  25  3:02  Barracks Tech Lab  
  25  3:10  SCV  
  26  3:21  Siege Tank  
  26  3:22  SCV  
  26  3:26  Supply Depot  
  30  3:34  SCV  
  31  3:43  Orbital Command  
  31  3:46  Marine, SCV, Stimpack  
  33  3:58  SCV  
  34  4:04  Marine  
  35  4:16  SCV x2  
  37  4:21  Starport Reactor  
  37  4:28  SCV x2  
  37  4:30  Barracks  
  37  4:31  Barracks  
  39  4:32  Siege Tank  
  42  4:40  SCV  
  43  4:48  SCV  
  43  4:52  SCV  
  45  4:56  Supply Depot  
  45  4:58  Refinery, Medivac  
  45  4:59  Medivac  
  49  5:00  SCV  
  49  5:02  Marine  
  51  5:09  Engineering Bay  
  51  5:20  Marine  
  52  5:25  Barracks Reactor x2  
  52  5:32  Supply Depot  
  52  5:34  Supply Depot, Medivac  
  54  5:38  Marine  
  54  5:41  Barracks  
  55  5:43  Barracks  
  55  5:46  Missile Turret  
  55  5:48  Missile Turret  
  55  5:50  Missile Turret, Terran Infantry Weapons Level 1  
  55  5:51  Missile Turret  
  55  5:56  Marauder  
  57  6:05  SCV  
  57  6:06  SCV  
  57  6:09  Marine x2  
  61  6:12  Missile Turret  
  61  6:17  Marauder, Missile Turret  
  61  6:18  SCV x2  
  65  6:25  Marine x2  
  67  6:27  Marine x2  
  67  6:31  Siege Tank  
  72  6:35  Barracks Reactor  
  72  6:36  Barracks Reactor  
  72  6:38  Combat Shield  
  72  6:39  Marauder  
  74  6:43  Marine  
  75  6:49  Marine x3  
  78  7:00  Supply Depot  
  78  7:18  SCV  
  78  7:21  Marine, SCV  
  78  7:22  Marauder  
  77  7:25  Marine x5  
  77  7:26  Marine x2  
  84  7:31  Medivac  
  86  7:39  Supply Depot  
  86  7:44  Supply Depot  
  86  7:57  Marine x8, SCV, Medivac  
  86  7:58  Marauder  
  99  8:14  Marine x3  
  99  8:15  Marine  
  99  8:17  Command Center  
  99  8:19  Marauder  
  105  8:27  Marine x4  
  105  8:32  Marine x3  
  105  8:33  Marine  
  112  8:40  Marauder  
  114  8:44  Marine x2  
  114  8:45  Marine x2  
Tags
 
League
Silver
Matchup
TvZ
Spawn Locations
Cross Positions
Add a new tag
Caveats
  • Supply blocks, unpowered buildings, or Contaminate may cause inaccurate times.
  • Supply counts are checked every 10 seconds.